 Dungeon Crawl Stone Soup version 0.31.0-32-g396128a36d (webtiles) character file.

Game seed: 3138035789683063414

59 0gre the Chiller (level 4, 24/32 HPs)
             Began as a Gnoll Ice Elementalist on Apr 9, 2024.
             Quit the game on level 3 of the Dungeon.
             The game lasted 00:09:19 (2082 turns).

0gre the Chiller (Gnoll Ice Elementalist)           Turns: 2082, Time: 00:09:20

Health: 24/32      AC:  2    Str:  8    XL:     4   Next: 3%
Magic:  7/11       EV: 13    Int: 14    God:
Gold:   86         SH:  0    Dex: 14    Spells: 9/13 levels left

rFire   . . .        a - +0 falchion
rCold   . . .        (no shield)
rNeg    . . .        d - +0 robe
rPois   +            (no helmet)
rElec   .            (no cloak)
rCorr   .            (no gloves)
SInv    .            (no boots)
Will    .....        (no amulet)
Stlth   +++          h - ring of poison resistance
HPRegen 0.25/turn    (no ring)
MPRegen 0.12/turn

%: no passive effects
@: freezing walls
A: fangs 1, strong nose, distributed training
a: no special abilities


You were on level 3 of the Dungeon.
You visited 1 branch of the dungeon, and saw 3 of its levels.

You collected 158 gold pieces.
You spent 72 gold pieces at shops.

Inventory:

Hand Weapons
 a - a +0 falchion (weapon)
 b - a +0 sling
 c - a +0 halberd
Missiles
 i - 3 poisoned darts (quivered)
Armour
 d - a +0 robe (worn)
Jewellery
 h - a ring of poison resistance (left hand)
Wands
 o - a wand of mindburst (12)
Scrolls
 e - 2 scrolls of immolation {unknown}
 f - a scroll of vulnerability {unknown}
 j - a scroll of poison {unknown}
 k - a scroll of butterflies {unknown}
 l - a scroll of teleportation {unknown}
 n - 5 scrolls of identify {unknown}
Potions
 g - a potion of haste {unknown}
 m - 2 potions of curing {unknown}
 p - a potion of mutation {unknown}
 q - a potion of magic


   Skills:
 + Level 1.0 Fighting
 + Level 1.0 Short Blades
 + Level 1.0 Long Blades
 + Level 1.0 Axes
 + Level 1.0 Maces & Flails
 + Level 1.0 Polearms
 + Level 1.0 Staves
 + Level 1.0 Ranged Weapons
 + Level 1.0 Throwing
 + Level 1.0 Armour
 + Level 4.6 Dodging
 + Level 4.2 Stealth
 + Level 1.0 Shields
 + Level 1.0 Unarmed Combat
 + Level 5.0 Spellcasting
 + Level 0.8 Conjurations
 + Level 0.8 Hexes
 + Level 0.8 Summonings
 + Level 0.8 Necromancy
 + Level 0.8 Translocations
 + Level 0.8 Fire Magic
 + Level 7.1 Ice Magic
 + Level 0.8 Air Magic
 + Level 0.8 Earth Magic
 + Level 0.8 Alchemy
 + Level 1.1 Invocations
 + Level 1.0 Evocations
 + Level 1.0 Shapeshifting


You had 9 spell levels left.
You knew the following spells:

 Your Spells              Type           Power      Damage    Failure   Level
a - Freeze                Ice            92%        1d9       1%          1
b - Frozen Ramparts       Ice            46%        1d7       2%          3

Your spell library contained the following spells:

 Spells                   Type           Power      Damage    Failure   Level
 Ozocubu's Armour         Ice            23%        N/A       2%          3
 Summon Ice Beast         Ice/Summ       14%        N/A       10%         3
 Jinxbite                 Hex            10%        N/A       19%         2
 Tukima's Dance           Hex            5%         N/A       36%         3
 Passage of Golubria      Tloc           5%         N/A       77%         4
 Yara's Violent Unravell  Hex/Alch       2%         3d3       98%         5
 Enfeeble                 Hex            2%         N/A       100%        7


Dungeon Overview and Level Annotations

Branches:
Dungeon (3/15)

Altars:

Shops:
D:1 (   D:2 *


Innate Abilities, Weirdness & Mutations

You have very sharp teeth.
Your uncanny sense of smell can sniff out nearby items.
Your experience applies equally to all skills.


Message History

Press: ? - help, Q - select action, (/) - cycle Shift-Dir - straight line, f - adder
Aim: an adder (asleep, 98% to hit)
You shoot a sling bullet.
The sling bullet hits the adder but does no damage.
The adder hisses angrily.
Fire: b) +0 sling
Press: ? - help, Q - select action, (/) - cycle Shift-Dir - straight line, f/p - adder
Aim: an adder (32% to hit)
You shoot a sling bullet.
The sling bullet closely misses the adder.
Fire: b) +0 sling
Press: ? - help, Q - select action, (/) - cycle Shift-Dir - straight line, f/p - adder
Aim: an adder (32% to hit)
You shoot a sling bullet. The sling bullet hits the adder.
The adder is lightly wounded.
Fire: b) +0 sling
Press: ? - help, Q - select action, (/) - cycle Shift-Dir - straight line, f/p - adder
Aim: an adder (lightly wounded, 32% to hit)
You shoot a sling bullet. The sling bullet misses the adder.
The adder bites you.
Casting: Frozen Ramparts (dangerous; 2% risk of failure)
Confirm with . or Enter, or press ? or * to list all spells.
Casting: Frozen Ramparts (dangerous; 2% risk of failure)
Press: ? - help, Dir - look around, f - activate The walls around you are covered in ice.
The wall freezes the adder.
The adder bites you.
The wall freezes the adder but does no damage.
The adder barely misses you.
a - a +0 falchion (weapon)
You closely miss the adder.
The adder is moderately wounded.
The wall freezes the adder.
The adder bites you but does no damage.
The wall freezes the adder.
The adder seems to slow down.
The adder bites you.
You barely miss the adder. You bite the adder.
You kill the adder!
A kobold comes into view. It is wielding a +0 whip.
Your Shapeshifting skill increases to level 1!
You have reached level 4!
You feel stronger.
Are you sure you want to abandon this character and quit the game? (Confirm with "yes".)

........[..............<# #.#..
###########K.....####...# #.#..
......# #......#<.....# #.#..
#####.#####..)#.#####.#.#####.#..
.........................†..).†..
#####.######....#####.#.#.#####..
#.# ##...# #.#.#.# #[. #.#
#...### #.#.#.#####..
#####.#######.#.@.# #.#.#.......#
......#...†...#.#.....#.#.......#
#######.#######.#....##.......[.#
#<# #...# #.#.##..###.......# #.#
#.### #.#.. ............ #.###.#
#.#.. #........... ......# #.#..#
######..#... ......# #.#..#
##.#... ......# #.# #.#...


You could see a kobold (wandering).

Vanquished Creatures
  2 adders (D:3)
  A ribbon worm (D:2)
  4 orcs (D:3)
  2 endoplasms (D:2)
  3 giant cockroaches
  4 goblins
  A hobgoblin (D:2)
  A quokka (D:3)
  7 ball pythons
  4 bats
  2 frilled lizards (D:3)
  3 rats
34 creatures vanquished.

Notes
Turn   | Place    | Note
-------+----------+-------------------------------------------
     0 | D:1      | 0gre the Gnoll Ice Elementalist began the quest for the
                  | Orb.
     0 | D:1      | Reached XP level 1. HP: 13/13 MP: 6/6
   370 | D:1      | Found a faded altar of an unknown god.
   393 | D:1      | Found Annyar's Antique Weapon Shoppe.
   417 | D:1      | Reached XP level 2. HP: 14/19 MP: 7/7
  1448 | D:2      | Found Ylargh's Assorted Antiques.
  1454 | D:2      | Bought an inky potion for 17 gold pieces
  1454 | D:2      | Bought a scroll labelled ORISHA FIGHI for 19 gold pieces
  1454 | D:2      | Bought a bubbling golden potion for 17 gold pieces
  1454 | D:2      | Bought a scroll labelled ONIOTO NUSESIN for 19 gold pieces
  1651 | D:2      | Reached skill level 5 in Spellcasting
  1651 | D:2      | Reached XP level 3. HP: 25/25 MP: 7/9
  1655 | D:2      | Learned a level 3 spell: Frozen Ramparts
  1732 | D:3      | Reached skill level 1 in Invocations
  1928 | D:3      | Reached skill level 1 in Fighting
  1928 | D:3      | Reached skill level 1 in Short Blades
  1928 | D:3      | Reached skill level 1 in Long Blades
  1928 | D:3      | Reached skill level 1 in Axes
  1928 | D:3      | Reached skill level 1 in Maces & Flails
  1928 | D:3      | Reached skill level 1 in Polearms
  1928 | D:3      | Reached skill level 1 in Staves
  1928 | D:3      | Reached skill level 1 in Ranged Weapons
  1928 | D:3      | Reached skill level 1 in Throwing
  1928 | D:3      | Reached skill level 1 in Armour
  1928 | D:3      | Reached skill level 1 in Shields
  1928 | D:3      | Reached skill level 1 in Unarmed Combat
  1928 | D:3      | Reached skill level 1 in Evocations
  2082 | D:3      | Reached skill level 1 in Shapeshifting
  2082 | D:3      | Reached XP level 4. HP: 24/32 MP: 7/11
  2082 | D:3      | Quit the game

Illustrated notes

Levels and vault maps discovered:
D:1:      erik_arrival_cave_to_civilisation [erik_arrival_cave_to_hall],
          layout_basic, serial_shops, nicolae_shop_real_fake_doors,
          shapermc_ecumenical_altar_mp_vishouse
D:2:      layout_loops_cross, serial_shops, shop_fountains
D:3:      layout_basic, lemuel_crystal_altar

Skill      XL: |  1  2  3 |
---------------+----------+-----
Spellcasting   | 5 |  5.0
Invocations    | 1 |  1.1
Fighting       | 1 |  1.0
Short Blades   | 1 |  1.0
Long Blades    | 1 |  1.0
Axes           | 1 |  1.0
Maces & Flails | 1 |  1.0
Polearms       | 1 |  1.0
Staves         | 1 |  1.0
Ranged Weapons | 1 |  1.0
Throwing       | 1 |  1.0
Armour         | 1 |  1.0
Shields        | 1 |  1.0
Unarmed Combat | 1 |  1.0
Evocations     | 1 |  1.0
Shapeshifting  | 1 |  1.0
Dodging        | |  4.6
Stealth        | |  4.2
Conjurations   | |  0.8
Hexes          | |  0.8
Summonings     | |  0.8
Necromancy     | |  0.8
Translocations | |  0.8
Fire Magic     | |  0.8
Ice Magic      | |  7.1
Air Magic      | |  0.8
Earth Magic    | |  0.8
Alchemy        | |  0.8

Action                     |  1- 3 |  4- 6 || total
---------------------------+-------+-------++-------
  Melee: Falchion          |    68 |       ||    68
         Bite              |     9 |       ||     9
         Halberd           |     2 |       ||     2
   Fire: Sling             |     4 |       ||     4
   Cast: Freeze            |    10 |       ||    10
         Frozen Ramparts   |     5 |       ||     5
  Evoke: Wand              |     2 |       ||     2
   Stab: Sleeping          |     5 |       ||     5
 Armour: Robe              |    48 |       ||    48
  Dodge: Dodged            |    76 |       ||    76
